 Dungeon Crawl Stone Soup version 0.31-a0-435-g2c6fae2916 (webtiles) character file.

Game seed: 12449022720027350571

2632 avis the Cleaver (level 9, 0/82 HPs)
             Began as a Hill Orc Monk on Aug 1, 2023.
             Was a Priest of Beogh.
             Slain by a killer bee (5 damage)
             ... on level 7 of the Dungeon on Aug 2, 2023.
             The game lasted 00:53:23 (6882 turns).

avis the Cleaver (Hill Orc Monk)                    Turns: 6882, Time: 00:53:23

Health: 0/82       AC:  8    Str: 18    XL:     9   Next: 61%
Magic:  14/14      EV: 11    Int: 16    God:    Beogh [***...]
Gold:   382        SH:  0    Dex: 13    Spells: 8/8 levels left

rFire   . . .        a - +0 hand axe
rCold   . . .        d - orb {light}
rNeg    . . .        I - +0 swamp dragon scales
rPois   +            (no helmet)
rElec   .            (no cloak)
rCorr   .            (no gloves)
SInv    .            z - +0 pair of boots
Will    .....        u - amulet of regeneration Stlth
                     i - ring of flight
HPRegen 1.13/turn    k - +6 ring of intelligence
MPRegen 0.14/turn

%: no passive effects
@: confused, mighty, lethally poisoned (0 -> -2), ambrosia-drunk, flying,
glowing
A: no striking features
a: Renounce Religion, Smiting


You were on level 7 of the Dungeon.
You worshipped Beogh.
Beogh was most pleased with you.
You visited 2 branches of the dungeon, and saw 8 of its levels.
You also visited: Ossuary.

You collected 502 gold pieces.
You spent 120 gold pieces at shops.

Inventory:

Hand Weapons
 a - a +0 hand axe (weapon)
 b - a +0 sling
 X - a +2 scythe of flaming
Missiles
 E - 16 poisoned darts (quivered)
 K - 2 throwing nets
Armour
 d - an orb of light (worn)
 z - a +0 pair of boots (worn)
 D - a +0 ring mail of fire resistance
 I - +0 swamp dragon scales (worn)
 W - a +0 chain mail
Magical Staves
 P - a staff of fire
Jewellery
 i - a ring of flight (left hand)
 k - a +6 ring of intelligence (right hand)
 u - an amulet of regeneration (around neck)
Talismans
 B - a beast talisman
Wands
 x - a wand of flame (5)
Scrolls
 e - a scroll of butterflies {unknown}
 g - 2 scrolls of vulnerability {unknown}
 h - 3 scrolls of teleportation {unknown}
 j - 3 scrolls of identify {unknown}
 m - 3 scrolls of enchant armour {unknown}
 o - 3 scrolls of noise {unknown}
 p - 2 scrolls of revelation {unknown}
 q - 3 scrolls of enchant weapon {unknown}
 r - 3 scrolls of amnesia
 w - a scroll of immolation {unknown}
 A - 2 scrolls of fear {unknown}
 T - a scroll of silence {unknown}
 U - a scroll of poison {unknown}
Potions
 f - 3 potions of attraction {unknown}
 l - 8 potions of curing {unknown}
 n - 4 potions of might
 s - 3 potions of degeneration {unknown}
 t - a potion of magic {unknown}
 v - a potion of heal wounds {unknown}
 C - a potion of lignification {unknown}
 F - a potion of invisibility {unknown}
 G - a potion of cancellation {unknown}
 H - 4 potions of enlightenment {unknown}
 Q - 2 potions of brilliance {unknown}
 R - 2 potions of berserk rage {unknown}
 S - a potion of haste {unknown}


   Skills:
 + Level 8.4 Fighting
 * Level 13.0 Axes
 - Level 2.4 Dodging
 + Level 7.2 Invocations


You had 8 spell levels left.
You didn't know any spells.
Your spell library contained the following spells:

 Spells                   Type           Power      Damage    Failure   Level
 Summon Small Mammal      Summ           0%         N/A       41%         1
 Call Canine Familiar     Summ           0%         N/A       80%         3
 Summon Guardian Golem    Hex/Summ       0%         N/A       80%         3


Dungeon Overview and Level Annotations

Branches:
Dungeon (7/15)             Temple (1/1) D:4         Ossuary (visited)

Altars:
Ashenzari
Cheibriados
Dithmenos
Fedhas
Gozag
Hepliaklqana
Kikubaaqudgha
Makhleb
Okawaru
Qazlal
Ru
Sif Muna
Uskayaw
Xom
Zin

Shops:
D:2 *

Annotations:
D:7 Pikel; Prince Ribbit; osoart's ghost, novice OpSh


Message History

You feel less confused.
You feel sick. The killer bee stings you.
* * * LOW HITPOINT WARNING * * *
You are more poisoned.
The killer bee poisons you!
Your orc warrior hits the killer bee from afar with a +0 trident.
You feel very sick. The killer bee barely misses you. x2
Your orc warrior hits the killer bee from afar with a +0 trident!
You feel sick. The killer bee misses you.
The killer bee stings you but does no damage.
Your orc warrior misses the killer bee.
You feel sick. The killer bee stings you.
* * * LOW HITPOINT WARNING * * *
The killer bee stings you!
* * * LOW HITPOINT WARNING * * *
Your orc warrior barely misses the killer bee.
You closely miss the killer bee.
The killer bee is almost dead.
You feel sick. The killer bee stings you.
* * * LOW HITPOINT WARNING * * *
You are lethally poisoned!
The killer bee poisons you!
Your orc warrior hits the killer bee from afar with a +0 trident!
The killer bee dies!
Beogh accepts your kill.
Your Axes skill increases to level 13!
You are confused.
You feel invigorated.
* * * LOW HITPOINT WARNING * * *
You feel very sick. The killer bee closely misses you.
Your orc warrior hits the killer bee from afar with a +0 trident.
The killer bee barely misses you.
You feel very sick. The killer bee stings you.
* * * LOW HITPOINT WARNING * * *
Your orc warrior completely misses the killer bee.
The killer bee stings you.
You die...

###..##...##W##... #
##...#...###...#.......y
.
###..........##........
##........# #........
#.......### #........
##......# #........
##.....# #........ #
####.o# ##...)...# #
##@####........# # ##
#y##..........# ## .###
#y...........## #.
##...###............# #.
#.....#............## #.
#..............##### #.
#......###....## #..
###<.....# ##..## ###
#...###### #..# #


You could see 2 killer bees and a friendly orc warrior.

Vanquished Creatures
  Maggie (D:6)
  Sigmund (D:6)
  An ice beast (D:6)
  A black bear (D:6)
  4 ogres
  2 centaurs
  2 bullfrogs (D:6)
  A kobold brigand (D:6)
  4 scorpions
  A gnoll sergeant (D:6)
  A howler monkey (D:5)
  An orc priest (D:5)
  4 hounds
  3 sleepcaps (D:5)
  4 iguanas
  3 orc wizards
  8 mummies (Ossuary)
  8 gnolls
  8 adders
  3 worms
  11 orcs
  4 bats
  3 endoplasms (D:2)
  5 giant cockroaches
  13 goblins
  3 hobgoblins
  6 jackals
  14 kobolds
  3 quokkas
  4 ball pythons
  3 frilled lizards
  A gnoll zombie (Ossuary)
  2 hobgoblin zombies (Ossuary)
  3 kobold zombies (Ossuary)
  2 orc zombies (Ossuary)
  6 rats
144 creatures vanquished.

Vanquished Creatures (collateral kills)
  Grinder (D:6)
  A sky beast (D:7)
  2 killer bees (D:7)
  2 hounds (D:7)
  An iguana (D:6)
7 creatures vanquished.

Vanquished Creatures (others)
  An orc warrior (D:7)
  An orc priest (D:6)
  2 orcs (D:6)
4 creatures vanquished.

Grand Total: 155 creatures vanquished

Notes
Turn   | Place    | Note
-------+----------+-------------------------------------------
     0 | D:1      | avis the Hill Orc Monk began the quest for the Orb.
     0 | D:1      | Reached XP level 1. HP: 19/19 MP: 1/1
   202 | D:1      | Reached XP level 2. HP: 17/27 MP: 2/2
   784 | D:2      | Found Yturem's Assorted Antiques.
   795 | D:2      | Bought a blue potion for 16 gold pieces
   795 | D:2      | Bought a scroll labelled IVULUI FUNULY for 18 gold pieces
   982 | D:2      | Reached skill level 5 in Axes
  1059 | D:2      | Reached XP level 3. HP: 33/33 MP: 3/3
  1374 | D:2      | Reached skill level 6 in Axes
  1398 | D:2      | Reached XP level 4. HP: 40/40 MP: 4/4
  1882 | D:2      | Became a worshipper of Beogh the Brigand
  1882 | D:2      | Reached * piety under Beogh
  1882 | D:2      | Reached ** piety under Beogh
  2328 | D:2      | Bought an inky potion for 16 gold pieces
  2328 | D:2      | Bought a lumpy green potion for 16 gold pieces
  2754 | D:4      | Reached skill level 7 in Axes
  2754 | D:4      | Reached XP level 5. HP: 11/46 MP: 5/5
  2965 | D:4      | Noticed a centaur
  2986 | D:4      | Killed a centaur
  2987 | D:4      | Reached skill level 8 in Axes
  2987 | D:4      | Reached skill level 5 in Fighting
  2987 | D:4      | Reached XP level 6. HP: 26/56 MP: 6/6
  2994 | D:4      | Found a staircase to the Ecumenical Temple.
  3047 | Temple   | Entered the Ecumenical Temple
  3121 | D:2      | Bought a scroll labelled DUNUPR ITZAXTO for 18 gold pieces
  3121 | D:2      | Bought a scroll labelled IVULUI FUNULY for 18 gold pieces
  3121 | D:2      | Bought a scroll labelled AREFER REYNUIC for 18 gold pieces
  3373 | D:5      | Entered Level 5 of the Dungeon
  3697 | D:5      | Reached skill level 1 in Invocations
  3771 | D:5      | Found a glowing silver altar of Zin.
  3785 | D:5      | Reached XP level 7. HP: 34/61 MP: 8/8
  3916 | D:5      | Reached skill level 9 in Axes
  4426 | D:5      | Reached skill level 10 in Axes
  4426 | D:5      | Reached XP level 8. HP: 71/71 MP: 9/11
  4440 | D:5      | Reached *** piety under Beogh
  4951 | D:6      | Noticed Maggie
  4964 | D:6      | Killed Maggie
  4965 | D:6      | Reached skill level 11 in Axes
  4965 | D:6      | Reached skill level 5 in Invocations
  5054 | D:6      | Found a shimmering blue altar of Sif Muna.
  5233 | D:6      | Reached XP level 9. HP: 48/79 MP: 13/13
  5325 | D:6      | Found a sand-covered staircase.
  5332 | Ossuary  | Entered an ossuary
  5466 | Ossuary  | Reached skill level 12 in Axes
  5697 | D:6      | Noticed Sigmund
  5705 | D:6      | Killed Sigmund
  5957 | D:6      | Noticed Grinder
  5957 | D:6      | Paralysed by Grinder for 5 turns
  5970 | D:6      | Killed Grinder
  6491 | D:7      | Noticed Pikel
  6491 | D:7      | Noticed Prince Ribbit
  6838 | D:7      | Noticed osoart's ghost (novice OpSh)
  6880 | D:7      | HP: 2/82 [killer bee (6)]
  6881 | D:7      | Reached skill level 13 in Axes
  6882 | D:7      | Slain by a killer bee

Illustrated notes

Levels and vault maps discovered:
D:1:      dpeg_arrival_prison, layout_basic, minmay_misc_feat_tower
D:2:      layout_basic, serial_shops, nicolae_shop_overgrown_old_shop,
          minivault_4, minmay_3d_cube
D:3:      layout_rooms
D:4:      layout_basic, minmay_temple_entry_stoned_glass
D:5:      layout_basic, old_standard_altar
D:6:      layout_basic, mainiacjoe_overflow_paths, chequers_ossuary_entry_cave,
          uniq_sigmund, uniq_grinder, uniq_maggie
D:7:      layout_cave_pods, hellmonk_ghost_happy_afterlife, uniq_menkaure,
          uniq_prince_ribbit1, uniq_pikel
Temple:   dshaligram_water_room_temple

Skill      XL: |  1  2  3  4  5  6  7  8  9 |
---------------+----------------------------+-----
Fighting       | 4 5 6 7 8 |  8.4
Axes           | 5 6 7 8 10 11 13 | 13.0
Invocations    | 2 4 5 7 |  7.2
Dodging        | |  2.4

Action                     |  1- 3 |  4- 6 |  7- 9 || total
---------------------------+-------+-------+-------++-------
  Melee: Hand axe          |    86 |   147 |   320 ||   553
   Fire: Sling             |     1 |    49 |    30 ||    80
  Throw: Dart              |       |     8 |    50 ||    58
 Invoke: Convert to Beogh  |       |     1 |       ||     1
         Smiting           |       |       |     3 ||     3
    Use: Potion            |       |       |     3 ||     3
         Scroll            |       |       |     1 ||     1
 Armour: Robe              |     6 |       |       ||     6
         Ring mail         |    20 |    36 |    31 ||    87
         Swamp dragon scal |       |       |    57 ||    57
  Dodge: Dodged            |    33 |    87 |   161 ||   281

Table legend: (Time is in decaauts)
 A = Elapsed time spent in this place.
 B = Non-inter-level travel time spent in this place.
 C = Inter-level travel time spent in this place.
 D = Time resting spent in this place.
 E = Time spent auto-exploring this place.
 F = Levels seen in this place.
 G = Mean time per level.
                   A        B        C        D        E       F      G
               +--------+--------+--------+--------+--------+-----+--------+
         Total |   6819 |   5767 |   1052 |    526 |   2834 |   9 |  757.7 |
       Dungeon |   6543 |   5492 |   1051 |    526 |   2834 |   7 |  934.7 |
        Temple |     29 |     28 |      1 |      0 |      0 |   1 |   29.0 |
       Ossuary |    246 |    246 |      0 |      0 |      0 |   1 |  246.0 |
               +--------+--------+--------+--------+--------+-----+--------+

Top non-repeatable levels by time:
     D:2: 1465 daAuts
     D:5: 1393 daAuts
     D:6: 1052 daAuts
     D:4: 880 daAuts
     D:1: 730 daAuts
     D:3: 629 daAuts
     D:7: 392 daAuts
 Ossuary: 246 daAuts
  Temple: 29 daAuts
